 Dungeon Crawl Stone Soup version 0.28-a0-925-gd5e1996cdb (webtiles) character file.

Game seed: 5434242759116289325

39 Goblin1989 the Chopper (level 3, 0/29 HPs)
             Began as a Demonspawn Cinder Acolyte on Nov 26, 2021.
             Was a High Priest of Ignis.
             Succumbed to an adder's poison
             ... on level 2 of the Dungeon.
             The game lasted 00:03:02 (1678 turns).

Goblin1989 the Chopper (Demonspawn Cinder Acolyte)  Turns: 1678, Time: 00:03:03

Health: 0/29       AC:  2    Str: 15    XL:     3   Next: 26%
Magic:  4/4        EV: 11    Int: 15    God:    Ignis [*****.]
Gold:   77         SH:  0    Dex:  8    Spells: 4/4 levels left

rFire   + . .      SeeInvis .   a - -1 hand axe (flame)
rCold   . . .      Faith    .   (no shield)
rNeg    . . .      Spirit   .   b - +0 robe
rPois   .          Reflect  .   (no helmet)
rElec   .          Harm     .   (no cloak)
rCorr   .          Rampage  .   (no gloves)
Will    .....                   (no boots)
Stlth   +.........              (no amulet)
HPRegen 0.09/turn               (no ring)
MPRegen 0.09/turn               (no ring)

@: lethally poisoned (0 -> -10), flying, hasted, very quick
A: demonic guardian 1
a: Renounce Religion, Fiery Armour, Foxfire Swarm, Rising Flame


You were on level 2 of the Dungeon.
You worshipped Ignis.
Ignis was extremely pleased with you.
You visited 1 branch of the dungeon, and saw 2 of its levels.

You collected 77 gold pieces.

Inventory:

Hand Weapons
 a - a -1 hand axe of flaming (weapon)
 h - a +2 vampiric dagger
Armour
 b - a +0 robe (worn)
Jewellery
 c - a ring of fire
Scrolls
 d - a scroll of identify {unknown}
 e - 3 scrolls of teleportation {unknown}
 g - a scroll of noise {unknown}


   Skills:
 - Level 3.0 Fighting
 + Level 4.0 Axes
 - Level 1.0 Spellcasting
 - Level 2.6 Fire Magic


You had 4 spell levels left.
You didn't know any spells.
Your spell library contained the following spells:

 Spells                   Type           Power      Damage    Failure   Level
 Scorch                   Fire           16%        2d5       12%         2


Dungeon Overview and Level Annotations

Branches:
Dungeon (2/15)

Altars:


Innate Abilities, Weirdness & Mutations

A weak demonic guardian rushes to your aid.


Message History

You kill the hobgoblin!
No target in view!
No target in view!
No target in view!
No target in view!
No target in view!
No target in view!
No target in view!
No target in view!
No target in view!
No target in view!
No target in view!
No target in view!
No target in view!
No target in view!
You see here a hobgoblin corpse.
An adder comes into view.
The adder hisses angrily.
The adder bites you but does no damage.
You miss the adder. The adder bites you.
You are poisoned.
The adder poisons you! The adder bites you.
You take 4 damage, and have 25/29 hp.
You hit the adder but do no damage.
You feel sick. The adder bites you.
You take 5 damage, and have 20/29 hp.
You closely miss the adder.
You feel sick. The adder bites you but does no damage.
You take 1 damage, and have 19/29 hp.
You miss the adder.
You feel sick. The adder misses you. The adder bites you.
You take 4 damage, and have 15/29 hp.
You are too injured to fight recklessly!
You are too injured to fight recklessly!
You are too injured to fight recklessly!
You are too injured to fight recklessly!
You are too injured to fight recklessly!
You are too injured to fight recklessly!
You are too injured to fight recklessly!
You are too injured to fight recklessly!
You are too injured to fight recklessly!
You are too injured to fight recklessly!
You are too injured to fight recklessly!
You are too injured to fight recklessly!
You are too injured to fight recklessly!
You are too injured to fight recklessly!
You are too injured to fight recklessly!
You are too injured to fight recklessly!
You are too injured to fight recklessly!
You are too injured to fight recklessly!
You feel sick.
You are no longer poisoned.
You take 1 damage, and have 14/29 hp.
The adder closely misses you.
You hit the adder. You burn the adder.
The adder is lightly wounded.
The adder bites you.
* * * LOW HITPOINT WARNING * * *
You take 2 damage, and have 12/29 hp.
You hit the adder. You burn the adder.
The adder is severely wounded.
The adder closely misses you.
You hit the adder but do no damage.
The adder is severely wounded.
The adder bites you.
* * * LOW HITPOINT WARNING * * *
You are poisoned.
The adder poisons you! The adder closely misses you.
You take 1 damage, and have 11/29 hp.
You barely miss the adder.
The adder is severely wounded.
You feel sick. The adder bites you.
* * * LOW HITPOINT WARNING * * *
You are lethally poisoned!
The adder poisons you!
You take 4 damage, and have 7/29 hp.
You miss the adder.
The adder is severely wounded.
* * * LOW HITPOINT WARNING * * *
You feel sick. The adder barely misses you. x2
You take 1 damage, and have 6/29 hp.
It was a potion of flight.
You feel very buoyant.
You fly up into the air.
* * * LOW HITPOINT WARNING * * *
You feel sick. The adder barely misses you.
You take 1 damage, and have 5/29 hp.
It was a potion of haste.
You feel yourself speed up.
* * * LOW HITPOINT WARNING * * *
You feel sick. The adder closely misses you.
You take 1 damage, and have 4/29 hp.
You closely miss the adder.
The adder is severely wounded.
* * * LOW HITPOINT WARNING * * *
You feel sick. The adder bites you.
* * * LOW HITPOINT WARNING * * *
A demonic guardian appears!
You are more poisoned.
The adder poisons you!
You take 3 damage, and have 1/29 hp.
You swap places.
You die... █..<..... ..█.█...█ █....██████.█.█...█ ████........██.█.█...███ .†....█...█.██.█.....▲.█ ████..█.█.█.██.███...█.█ ████████

████.██.█.█.██.█ █...█.█ █...█...
......█.█.█†██S███...█.███...█...
███████>.......5.........∆....†..
█ █.███.██..@......███...██∆█ █
█.█ █.████████████ █...██[█ . ...
..█ ██████████...██.. █ ....
.................


█████ ██........█████. █........█ ██ █........█ █ █........█ █ █........█ ██ You
could see an adder (ally target) and a friendly quasit (summoned).

Vanquished Creatures
  A dart slug (D:1)
  2 ball pythons
  4 bats
  2 endoplasms (D:2)
  A giant cockroach (D:2)
  A goblin (D:1)
  5 hobgoblins (D:2)
  5 jackals
  A kobold (D:1)
  A quokka (D:1)
  3 frilled lizards
  2 rats
28 creatures vanquished.

Vanquished Creatures (collateral kills)
  A ball python (D:2)
  An endoplasm (D:2)
2 creatures vanquished.

Grand Total: 30 creatures vanquished

Notes
Turn   | Place    | Note
-------+----------+-------------------------------------------
     0 | D:1      | Goblin1989 the Demonspawn Cinder Acolyte began the quest
                  | for the Orb.
     0 | D:1      | Reached XP level 1. HP: 18/18 MP: 2/2
    48 | D:1      | Reached skill level 3 in Axes
    71 | D:1      | Gained mutation: A weak demonic guardian rushes to your
                  | aid. [demonic ancestry]
    71 | D:1      | Reached XP level 2. HP: 7/24 MP: 3/3
  1193 | D:2      | Found a faded altar of an unknown god.
  1193 | D:2      | Noticed a great orb of eyes
  1198 | D:2      | Reached XP level 3. HP: 27/29 MP: 4/4
  1215 | D:2      | Noticed an eye of devastation
  1215 | D:2      | Noticed a great orb of eyes
  1215 | D:2      | Noticed a great orb of eyes
  1626 | D:2      | Reached skill level 4 in Axes
  1677 | D:2      | HP: 1/29 [adder (2)]
  1678 | D:2      | Succumbed to an adder's poison

Illustrated notes

Levels and vault maps discovered:
D:1:      lightli_arrival_chessboard, layout_rooms
D:2:      layout_basic, hellmonk_ecumenical_altar_watching_god

Skill      XL: |  1  2  3 |
---------------+----------+-----
Axes           | 3 4 |  4.0
Fighting       | |  3.0
Spellcasting   | |  1.0
Fire Magic     | |  2.6

Action                   || total
-------------------------++-------
Melee: Hand axe          ||   107
  Use: Potion            ||     2
Armor: Robe              ||    13
Dodge: Dodged            ||    72

Table legend: (Time is in decaauts)
 A = Elapsed time spent in this place.
 B = Non-inter-level travel time spent in this place.
 C = Inter-level travel time spent in this place.
 D = Time resting spent in this place.
 E = Time spent auto-exploring this place.
 F = Levels seen in this place.
 G = Mean time per level.
                   A        B        C        D        E       F      G
               +--------+--------+--------+--------+--------+-----+--------+
         Total |   1690 |   1687 |      3 |    267 |   1189 |   2 |  845.0 |
       Dungeon |   1690 |   1687 |      3 |    267 |   1189 |   2 |  845.0 |
               +--------+--------+--------+--------+--------+-----+--------+

Top non-repeatable levels by time:
     D:2: 893 daAuts
     D:1: 796 daAuts
